 Dungeon Crawl Stone Soup version 0.26-a0-818-g75db068ed4 (webtiles) character file.

Game seed: 12051769644224990683

49 selver the Stinger (level 3, -3/21 HPs)
             Began as an Octopode Venom Mage on Nov 14, 2020.
             Slain by a centaur (7 damage)
             ... on level 2 of the Dungeon.
             The game lasted 00:03:19 (856 turns).

selver the Stinger (Octopode Venom Mage)             Turns: 856, Time: 00:03:20

Health: -3/21      AC:  1    Str:  8    XL:     3   Next: 75%
Magic:  0/6        EV: 13    Int: 17    God:
Gold:   107        SH:  0    Dex: 12    Spells: 4/7 levels left

rFire    + . .     SeeInvis .   c - +0 dagger
rCold    + . .     Faith    .   (no shield)
rNeg     . . .     Spirit   .   (helmet restricted)
rPois    +         Reflect  .   (no amulet)
rElec    +         Harm     .   e - +4 ring of slaying
rCorr    +         Rampage  .   (no ring)
MR       .....                  (no ring)
Stlth    +++.......             (no ring)
HPRegen  0.07/turn              (no ring)
MPRegen  0.10/turn              (no ring)
                                (no ring)
                                (no ring)

@: resistant, attractive, very slightly contaminated
A: almost no armour, stealthy swim, amphibious, 8 rings, constrict 8, camouflage
1, gelatinous body 1
a: no special abilities


You were on level 2 of the Dungeon.
You visited 1 branch of the dungeon, and saw 2 of its levels.

You collected 107 gold pieces.

Inventory:

Hand Weapons
 c - a +0 dagger (weapon)
 d - a +0 short sword
Missiles
 a - 3 boomerangs (quivered)
Jewellery
 e - a +4 ring of slaying (left tentacle)
Scrolls
 b - a scroll of random uselessness {unknown}
 g - a scroll of remove curse
 h - a scroll of enchant armour {unknown}


   Skills:
 - Level 2.0 Dodging
 - Level 2.6 Stealth
 + Level 2.5 Spellcasting
 * Level 1.3 Transmutations
 * Level 0.7 Air Magic
 * Level 4.7 Poison Magic


You had 4 spell levels left.
You knew the following spells:

 Your Spells              Type           Power        Failure   Level
a - Sting                 Tmut/Pois      ##..         5%          1
b - Poisonous Vapours     Pois/Air       ##....       9%          2

Your spell library contained the following spells:

 Spells                   Type           Power        Failure   Level
 Corona                   Hex            #......      19%         1
 Ignite Poison            Fire/Tmut/Pois #.......     24%         3
 Mephitic Cloud           Conj/Pois/Air  #.......     26%         3
 Olgreb's Toxic Radiance  Pois           ###.....     26%         4
 Ensorcelled Hibernation  Hex/Ice        #.....       28%         2
 Confusing Touch          Hex            #.......     50%         3
 Dazzling Flash           Conj/Hex       #.....       50%         3
 Tukima's Dance           Hex            #.......     50%         3


Dungeon Overview and Level Annotations

Branches:
Dungeon (2/15)

Altars:


Innate Abilities, Weirdness & Mutations

You cannot wear most types of armour.
You are very stealthy in the water. (Stealth+)
You are amphibious.
You can wear up to eight rings at the same time.
You can use your tentacles to constrict eight enemies at once.
Your skin changes colour to match your surroundings (Stealth+).
Your rubbery body absorbs attacks. (AC +1, EV +1)


Message History

You miscast Poisonous Vapours.
You are very lightly contaminated with residual magic.
Nothing appears to happen.
The centaur hits you. The centaur barely misses you.
Casting: Poisonous Vapours (safe; 9% risk of failure)
Confirm with . or Enter, or press ? or * to list all spells.
You don't have enough magic to cast that spell.
You hit the centaur.
The centaur is heavily wounded.
The centaur barely misses you.
You hit the centaur.
The centaur is heavily wounded.
The centaur hits you. The centaur hits you!
* * * LOW HITPOINT WARNING * * *
It was a potion of attraction.
You feel attractive to monsters. The centaur barely misses you.
It was a potion of resistance.
You feel protected. The centaur hits you!
You die...

## .. #. ## #. . ..
#. .# .# ...
#)##.##.#
...######...# ..###
........##@###....#
.........c#.#..##.#
..........#........
...............##.#
.....##.###))####.#
........# #.......#
..?#.######...#####
# ##)....####
#.........#


You could see a centaur.

Vanquished Creatures
  Terence (D:2)
  A worm (D:2)
  4 giant cockroaches
  2 goblins (D:1)
  3 hobgoblins
  3 bats (D:1)
  2 frilled lizards (D:1)
  2 kobolds (D:1)
  4 rats
22 creatures vanquished.

Notes
Turn   | Place    | Note
-------+----------+-------------------------------------------
     0 | D:1      | selver the Octopode Venom Mage began the quest for the Orb.
     0 | D:1      | Reached XP level 1. HP: 11/11 MP: 3/3
   188 | D:1      | Reached skill level 4 in Poison Magic
   216 | D:1      | Reached XP level 2. HP: 17/17 MP: 1/5
   779 | D:2      | Reached XP level 3. HP: 18/21 MP: 2/6
   785 | D:2      | Learned a level 2 spell: Poisonous Vapours
   825 | D:2      | Noticed Terence
   840 | D:2      | Killed Terence
   844 | D:2      | Noticed a centaur
   856 | D:2      | Slain by a centaur

Illustrated notes

Levels and vault maps discovered:
D:1:      minmay_arrival_stair_chambers, layout_basic
D:2:      layout_loops_cross, nicolae_overflow_crystal_walls,
          lemuel_old_faithful, uniq_sigmund, uniq_terence

Skill      XL: |  1 |
---------------+----+-----
Poison Magic   | 4 |  4.7
Dodging        | |  2.0
Stealth        | |  2.6
Spellcasting   | |  2.5
Transmutations | |  1.3
Air Magic      | |  0.7

Action                   || total
-------------------------++-------
Melee: Unarmed           ||     8
       Short sword       ||     9
       Constrict         ||     6
       Tentacles         ||     5
       Dagger            ||     8
 Cast: Sting             ||    16
       Poisonous Vapours ||     3
  Use: Scroll            ||     2
       Potion            ||     2
 Stab: Sleeping          ||     2
       Distracted        ||     1
Armor: Skin              ||     1
Dodge: Dodged            ||    15

Table legend: (Time is in decaauts)
 A = Elapsed time spent in this place.
 B = Non-inter-level travel time spent in this place.
 C = Inter-level travel time spent in this place.
 D = Time resting spent in this place.
 E = Time spent auto-exploring this place.
 F = Levels seen in this place.
 G = Mean time per level.
                   A        B        C        D        E       F      G
               +--------+--------+--------+--------+--------+-----+--------+
         Total |    854 |    820 |     34 |     78 |    565 |   2 |  427.0 |
       Dungeon |    854 |    820 |     34 |     78 |    565 |   2 |  427.0 |
               +--------+--------+--------+--------+--------+-----+--------+

Top non-repeatable levels by time:
     D:1: 723 daAuts
     D:2: 130 daAuts
